 Dungeon Crawl Stone Soup version 0.27.1-33-g824d729ab1 (webtiles) character file.

Game seed: 13093874020127502164

19 jlumianski the Ducker (level 2, 0/29 HPs)
             Began as a Gnoll Monk on Dec 23, 2021.
             Slain by a goblin (1 damage)
             ... led by Robin
             ... on level 1 of the Dungeon.
             The game lasted 00:04:38 (1262 turns).

jlumianski the Ducker (Gnoll Monk)                  Turns: 1262, Time: 00:04:38

Health: 0/29       AC:  2    Str: 10    XL:     2   Next: 75%
Magic:  2/2        EV: 15    Int:  9    God:
Gold:   60         SH:  0    Dex: 14    Spells: 2/2 levels left

rFire    + . .     SeeInvis .   c - +1 short sword (speed)
rCold    + . .     Faith    .   (no shield)
rNeg     . . .     Spirit   .   b - +0 robe
rPois    +         Reflect  .   (no helmet)
rElec    +         Harm     .   (no cloak)
rCorr    +         Rampage  .   (no gloves)
Will     .....                  (no boots)
Stlth    +++.......             (no amulet)
HPRegen  0.09/turn              (no ring)
MPRegen  0.08/turn              (no ring)

@: resistant
A: fangs 1, strong nose, distributed training
a: no special abilities


You were on level 1 of the Dungeon.
You visited 1 branch of the dungeon, and saw 2 of its levels.

You collected 60 gold pieces.

Inventory:

Hand Weapons
 a - a +0 hand axe
 c - a +1 short sword of speed (weapon)
 e - a +0 hunting sling
Missiles
 d - 33 stones (quivered)
 f - 15 poisoned darts
Armour
 b - a +0 robe (worn)
Scrolls
 h - 2 scrolls of identify {unknown}
 i - a scroll of immolation {unknown}


   Skills:
 + Level 6.5 Fighting
 + Level 0.5 Short Blades
 + Level 0.5 Long Blades
 + Level 6.5 Axes
 + Level 0.5 Maces & Flails
 + Level 0.5 Polearms
 + Level 0.5 Staves
 + Level 0.5 Slings
 + Level 0.5 Bows
 + Level 0.5 Crossbows
 + Level 0.5 Throwing
 + Level 0.5 Armour
 + Level 6.5 Dodging
 + Level 4.1 Stealth
 + Level 0.5 Shields
 + Level 0.5 Unarmed Combat
 + Level 0.5 Spellcasting
 + Level 0.3 Conjurations
 + Level 0.3 Hexes
 + Level 0.3 Summonings
 + Level 0.3 Necromancy
 + Level 0.3 Translocations
 + Level 0.3 Transmutations
 + Level 0.3 Fire Magic
 + Level 0.3 Ice Magic
 + Level 0.3 Air Magic
 + Level 0.3 Earth Magic
 + Level 0.3 Poison Magic
 + Level 0.6 Invocations
 + Level 0.5 Evocations


You had 2 spell levels left.
You didn't know any spells.
Your spell library was empty.

Dungeon Overview and Level Annotations

Branches:
Dungeon (2/15)

Altars:

Annotations:
D:1 Robin


Innate Abilities, Weirdness & Mutations

You have very sharp teeth.
Your uncanny sense of smell can sniff out nearby items.
Your experience applies equally to all skills.


Message History

There is a stone staircase leading up here.
The goblin barely misses you. The goblin misses you.
The goblin hits you but does no damage. The hobgoblin closely misses you.
The goblin hits you with a +0 club.
You climb upwards.
There is a stone staircase leading down here.
You barely miss the goblin. The goblin hits you but does no damage.
You are poisoned.
The goblin barely misses you. The goblin closely misses you.
You hit the goblin.
You kill the goblin!
You feel sick.
You feel sick.
Robin roars a battlecry!
The goblins go into a battle-frenzy!
Things that are here:
a +2 dagger of venom; a goblin corpse You feel sick.
Robin says, "Duck!"
Robin throws the goblin at you! The goblin hits you with a +0 dagger.
You hit the goblin.
The goblin is moderately wounded.
You feel sick.
Robin hits you from afar with a +0 trident.
* * * LOW HITPOINT WARNING * * *
The goblin misses you. x2
You hit the goblin.
The goblin is severely wounded.
Robin misses you. The goblin misses you. x2
Unknown command.
It was a potion of resistance.
You feel protected.
You feel sick. Robin barely misses you. The goblin hits you with a +0 dagger.
* * * LOW HITPOINT WARNING * * *
The goblin misses you.
It was a potion of curing.
You feel better.
Robin hits you from afar with a +0 trident!
* * * LOW HITPOINT WARNING * * *
The goblin hits you with a +0 dagger.
You die...

.#.....####.#.# #.#.#
#.#
.....#.##.#...####.#.#
#.#
.....#.##.......##.#.#
#.#
.###.#..........##.#.#
#.#
...#.#......#......#.#
#.#
...#.#......#..#####.#
#.#
...+.#...............#
#.#
...###........g########
#.# ####
#.......ggg@g....# #.#
#.##'##.#######.## #.#
#.....#.# #.# #.##
##.#####.# #.# #..#
#..#...#.# #.# #.##
#..#.#.#.# #.# #.#
#..#.#.#.# #.# #.#
#..#.#.#.# #.# #.#
#..#.#.#.# #.# #.#


You could see Robin, a hobgoblin (strong) and 3 goblins.

Vanquished Creatures
  6 bats (D:1)
  A giant cockroach (D:1)
  2 goblins
  2 hobgoblins (D:1)
  A quokka (D:1)
  3 ball pythons (D:1)
  A frilled lizard (D:1)
  2 rats (D:1)
18 creatures vanquished.

Notes
Turn   | Place    | Note
-------+----------+-------------------------------------------
     0 | D:1      | jlumianski the Gnoll Monk began the quest for the Orb.
     0 | D:1      | Reached XP level 1. HP: 23/23 MP: 1/1
   327 | D:1      | Reached XP level 2. HP: 29/29 MP: 2/2
  1039 | D:2      | Noticed Robin
  1262 | D:1      | HP: 1/29 [Robin (8)]
  1262 | D:1      | Slain by a goblin

Illustrated notes

Levels and vault maps discovered:
D:1:      lemuel_arrival_rhombus, layout_basic
D:2:      minmay_diamond_boxcup, layout_basic, ebering_ecumenical_altar_box,
          uniq_sigmund, uniq_robin

Action                   || total
-------------------------++-------
Melee: Short sword       ||    51
  Use: Potion            ||     2
 Stab: Sleeping          ||     2
Armor: Robe              ||    17
Dodge: Dodged            ||    57
